 Dungeon Sprint DCSS version 0.25-a0-316-gd28d56f9c5 (webtiles) character file.

Game seed: 2784097892000906476, levelgen mode: deterministic

138 Morrissey the Sneak (level 5, -14/75 HPs)
             Began as a Naga Conjurer on Dec 25, 2019.
             Demolished by an ogre
             ... wielding a +0 giant spiked club
              (19 damage)
             ... in the Dungeon (Sprint IX: "|||||||||||||||||||||||||||||").
             The game lasted 00:01:01 (149 turns).

Morrissey the Sneak (Naga Conjurer)                  Turns: 149, Time: 00:01:02

Health: -14/75     AC:  2    Str: 16    XL:     5   Next: 21%
Magic:  4/11       EV: 10    Int: 16    God:
Gold:   0          SH:  0    Dex: 11    Spells: 11/12 levels left

rFire    . . .     SeeInvis +   (no weapon)
rCold    . . .     Gourm    .   (no shield)
rNeg     . . .     Faith    .   a - +0 robe
rPois    +         Spirit   .   (no helmet)
rElec    .         Reflect  .   (no cloak)
rCorr    .         Harm     .   (no gloves)
MR       .....     NoTele   +   (no barding)
Stlth    ..........             (no amulet)
HPRegen  0.22/turn              (no ring)
MPRegen  0.12/turn              (no ring)

@: berserking (expiring), quick
A: large, see invisible, deformed body, poison resistance, slowness 2, slow
metabolism 1, spit poison 1, AC +1
a: Spit Poison


You were in the Dungeon.
You were not hungry.

You visited 1 branch

Inventory:

Armour
 a - a +0 robe (worn)
Scrolls
 i - a scroll of blinking
Potions
 d - a potion of curing
 e - a potion of heal wounds
 f - a potion of haste
 g - 2 potions of magic
Comestibles
 b - a chunk of flesh
 c - a ration


   Skills:
 + Level 4.1 Fighting
 - Level 1.5 Dodging
 + Level 7.5 Stealth
 * Level 0.1 Unarmed Combat
 + Level 4.4 Spellcasting
 * Level 7.5 Conjurations


You had 11 spell levels left.
You knew the following spells:

 Your Spells              Type           Power        Failure   Level  Hunger
a - Magic Dart            Conj           ####         1%          1    None

Your spell library contained the following spells:

 Spells                   Type           Power        Failure   Level  Hunger
 Searing Ray              Conj           ####..       1%          2    ##.....
 Dazzling Flash           Conj/Hex       ###...       11%         3    ###....
 Fulminant Prism          Conj/Hex       ###.......   34%         4    ####...
 Iskenderun's Mystic Bla  Conj/Tloc      ###.....     34%         4    ####...


Dungeon Overview and Level Annotations

Branches:
Dungeon (1/1)

Altars:


Innate Abilities, Weirdness & Mutations

You cannot wear boots.
Your serpentine skin is tough. (AC +1)
You have supernaturally acute eyesight. (SInv)
Armour fits poorly on your strangely shaped body.
Your system is resistant to poisons. (rPois)
You cover ground very slowly.
You have a slow metabolism.
You can spit poison.


Message History

You kill the centaur!
Your Fighting skill gained 2 levels and is now at level 4!
Your Stealth skill gained 2 levels and is now at level 7!
Your Spellcasting skill increases to level 4!
Your Conjurations skill increases to level 7!
You have reached level 4!
You feel stronger.
You have reached level 5!
You hit the orc.
The orc is heavily wounded.
The orc closely misses you.
You hit the orc.
The orc is severely wounded.
You punch the orc!
You kill the orc!
You barely miss the ogre. You punch the ogre!
The ogre is moderately wounded.
The ogre hits you with a +0 giant spiked club!!
You die...

▓+▓
▓.▓
▓.▓
▓.▓
▓.▓
▓.▓
▓O▓
▓@▓
▓)▓
▓.▓
▓.▓
▓)▓
▓(▓
▓.▓
▓.▓
▓.▓


You could see an ogre.

Vanquished Creatures
  A centaur (D)
  An orc wizard (D)
  A worker ant (D)
  An orc (D)
  A giant cockroach (D)
  A bat (D)
  2 kobolds (D)
  A rat (D)
9 creatures vanquished.

Notes
Turn   | Place    | Note
-------+----------+-------------------------------------------
     0 | D        | Morrissey the Naga Conjurer began the quest for the Orb.
     0 | D        | Reached XP level 1. HP: 15/15 MP: 3/3
    22 | D        | Reached skill level 1 in Fighting
   130 | D        | Noticed an ogre
   130 | D        | Noticed an orc wizard
   130 | D        | Noticed a centaur
   130 | D        | Noticed a worker ant
   138 | D        | Killed a worker ant
   138 | D        | Reached skill level 5 in Stealth
   138 | D        | Reached skill level 5 in Conjurations
   138 | D        | Reached XP level 2. HP: 24/26 MP: 3/6
   138 | D        | Reached XP level 3. HP: 29/32 MP: 3/7
   143 | D        | HP: 2/49 [centaur (6)]
   144 | D        | Killed a centaur
   144 | D        | Reached XP level 4. HP: 3/44 MP: 3/10
   144 | D        | Reached XP level 5. HP: 4/50 MP: 3/11
   149 | D        | Demolished by an ogre

Levels and vault maps discovered:
D:        linesprint [early_d, line_temple, items_1, d_10, items_2, lair_1,
          lair_end, items_3, orc_1, orc_end, items_4, d_15, swamp_1, shoals_1,
          snake_1, spider_1, d_20, vaults_1, items_5, swamp_end, shoals_end,
          snake_end, spider_end, vaults_end, d_27, items_6, zot_1, zot_end,
          crypt_end, forest_end, elf_end, slime_end, tomb_end, abyss_end,
          pan_hell_end]

Skill      XL: |  1  2  3 |
---------------+----------+-----
Fighting       | 2 4 |  4.1
Stealth        | 5 7 |  7.5
Spellcasting   | 3 4 |  4.4
Conjurations   | 5 7 |  7.5
Dodging        | |  1.5
Unarmed Combat | |  0.1

Action                   |  1- 3 |  4- 6 || total
-------------------------+-------+-------++-------
Melee: Unarmed           |    30 |     5 ||    35
 Cast: Magic Dart        |     4 |       ||     4
  Use: Potion            |     1 |       ||     1
Armor: Robe              |     5 |       ||     5
Dodge: Dodged            |    19 |     1 ||    20

Table legend:
 A = Non-vault XP
 B = Vault XP
 C = Vault XP percentage of total XP
 D = Non-vault monster count
 E = Vault monster count
 F = Vault count percentage of total count
                 A         B        C        D         E       F
            +---------+---------+-------+---------+---------+-------
      Total |       0 |     198 | 100.0 |       0 |       9 | 100.0
            +---------+---------+-------+---------+---------+-------
          D |       0 |     198 | 100.0 |       0 |       9 | 100.0
            +---------+---------+-------+---------+---------+-------
